AoeStats
← Svenski

MegaRandom

506607772Analyzed
1v1 RM · 18d ago on Sep 14, 2026· 31m 0s· 2 players
Game mode
Random Map
Map size
Tiny (2 player)
Population
200
Speed
Normal
Resources
Standard
Victory
Conquest
Starting age
Dark Age
Ending age
Imperial Age
RankedLock teamsTeams togetherTeam positionsShared explorationLock speedFull tech treeHidden civsTurbo modeCheats
Victory
Defeat
🇧🇪 Ethiopians · Belgium
1101
+18
🇦🇷 Britons · Argentina
1148
-18
Tajirax
4:15 Loom
10:24 Feudal Age
11:31 Double-Bit Axe
16:00 Fishing Lines
17:58 Fletching
18:09 Padded Archer Armor
18:46 Gold Mining
22:42 Horse Collar
25:33 Castle Age
25:46 Crossbowman
26:26 Bodkin Arrow
26:38 Elite Skirmisher
Svenski
4:59 Loom
12:50 Feudal Age
13:00 Man-at-Arms
14:12 Double-Bit Axe
17:48 Castle Age
15:44 Fletching
16:05 Padded Archer Armor
17:50 Crossbowman
18:40 Bodkin Arrow
19:35 Gold Mining
21:00 Bow Saw
21:45 Leather Archer Armor
21:55 Long Swordsman
22:37 Squires
22:44 Scale Mail Armor
22:56 Forging
24:32 Chain Mail Armor
27:30 Elite Skirmisher
28:15 Thumb Ring
Connection lost

Rejoining the realm…

Still unreachable

The connection could not be restored.

Session expired

The server has moved on; the page needs a fresh start.